 Dungeon Crawl Stone Soup version 0.30-a0-585-g93115170b9 (webtiles) character file.

Game seed: 6109722211157007023

415 bande the Chopper (level 6, -9/39 HPs)
             Began as a Gargoyle Fighter on Jan 2, 2023.
             Mangled by an orc
             ... wielding a +0 heavy trident
              (11 damage)
             ... on level 4 of the Dungeon.
             The game lasted 00:07:14 (3793 turns).

bande the Chopper (Gargoyle Fighter)                Turns: 3793, Time: 00:07:15

Health: -9/39      AC: 17    Str: 23    XL:     6   Next: 91%
Magic:  6/6        EV:  7    Int:  8    God:
Gold:   116        SH: 10    Dex: 11    Spells: 5/5 levels left

rFire   . . .      SeeInvis +    a - +0 war axe
rCold   . . .      Faith    .    c - +0 buckler
rNeg    + . .      Spirit   .    s - +0 chain mail
rPois   ∞          Reflect  +    e - +0 helmet
rElec   +          Harm     .    b - +1 cloak
rCorr   .          Rampage  +    (no gloves)
Will    .....                    (no boots) Stlth
                                 f - amulet "Riuggev" {Reflect Rampage Str+3 Slay+5 SH+5 Stlth-}
HPRegen 0.26/turn                k - ring of see invisible
MPRegen 0.10/turn                (no ring)

@: no status effects
A: sickness immunity, AC +4, negative energy resistance 1, electricity
resistance, torment resistance 1, petrification resistance
a: no special abilities


You were on level 4 of the Dungeon.
You visited 1 branch of the dungeon, and saw 4 of its levels.
You also visited: Sewer.

You collected 116 gold pieces.

Inventory:

Hand Weapons
 a - a +0 war axe (weapon)
Armour
 b - a +1 cloak (worn)
 c - a +0 buckler (worn)
 e - a +0 helmet (worn)
 s - a +0 chain mail (worn)
Jewellery
 f - the amulet "Riuggev" (around neck) {Reflect Rampage Str+3 Slay+5 SH+5 Stlth-}
   (You acquired it on level 2 of the Dungeon)

   [amulet of reflection]

   It reflects blocked missile attacks.
   Str:       It affects your strength (+3).
   Slay:      It affects your accuracy & damage with ranged weapons and melee
   (+5).
   SH:        It affects your SH (+5).
   Rampage:   It bestows one free step when moving towards enemies.
   Stlth:     It makes you less stealthy.
 h - a ring of wizardry
 k - a ring of see invisible (left hand)
 l - a +4 ring of protection
 o - a ring of ice
 q - a +6 ring of dexterity
Wands
 v - a wand of paralysis (8)
Scrolls
 j - a scroll of fog
 m - a scroll of identify
 t - a scroll of magic mapping {unknown}
 u - a scroll of blinking {unknown}
Potions
 d - 2 potions of might
 g - a potion of mutation
 i - a potion of berserk rage
 n - 4 potions of curing {unknown}
 p - a potion of attraction {unknown}
 r - a potion of magic {unknown}
 w - 2 potions of heal wounds {unknown}


   Skills:
 + Level 4.5 Fighting
 + Level 4.6 Axes
 + Level 4.6 Armour
 + Level 4.4 Shields


You had 5 spell levels left.
You didn't know any spells.
Your spell library was empty.

Dungeon Overview and Level Annotations

Branches:
Dungeon (4/15)              Sewer (visited)
 Temple: D:4-7

Altars:
Kikubaaqudgha
Zin


Innate Abilities, Weirdness & Mutations

You are immune to sickness and miasma.
Your stone body is resilient. (AC +4)
You are immune to poison.
You resist negative energy. (rN+)
You are resistant to electric shocks. (rElec)
You are resistant to unholy torment.
You are immune to petrification.


Message History

You block the orc wizard's attack.
The orc wizard casts a spell.
The orc wizard flickers and vanishes for a moment.
Things that are here:
a +0 whip; an orc corpse You barely miss the orc.
The orc is heavily wounded.
You slash the orc!
You kill the orc!
The orc wizard hits you but does no damage.
The orc hits you from afar with a +0 heavy trident.
You block the orc's attack.
Unknown command.
You closely miss the orc wizard. You hit the orc but do no damage.
The orc wizard hits you but does no damage.
You block the orc's attack.
Unknown command.
You slash the orc wizard!
The orc wizard is heavily wounded.
You closely miss the orc.
The orc wizard hits you but does no damage.
You block the orc's attack. The orc hits you with a +0 club.
The orc wizard hits you with a +2 dagger of speed.
* * * LOW HITPOINT WARNING * * *
Unknown command.
You hit the orc wizard.
The orc wizard is severely wounded.
You slash the orc!
You kill the orc!
The orc wizard points at you and mumbles some strange words.
The puff of flame hits you!
* * * LOW HITPOINT WARNING * * *
You block the orc's attack.
Unknown command.
You miss the orc wizard.
The orc wizard is severely wounded.
The orc wizard points at you and mumbles some strange words.
The puff of flame hits you but does no damage.
The orc hits you from afar with a +0 heavy trident!
You die...

....#######.# ##..###
....# ... #§...#
....#####.# ##..#.#
.†........ #.###.#.#.#
.#.)#.#### #.....)# #
.#..#.# #####.)#
.#..#.# #o^#
.#..#.###########..#.##
.#..............@o....#
.........<......)..#..#
.........).........#..#
#####.##.<#####.#.##
... #.##..# ....# #.#
#.##.... .###.# .#
..###.###. #.# ### #.#
# .. #.#


You could see an orc wizard (invisible) and an orc.

Vanquished Creatures
  An ice beast (D:3)
  An orc priest (D:4)
  Crazy Yiuf (D:2)
  An iguana (D:4)
  3 gnolls (D:3)
  8 adders
  4 river rats (Sewer)
  3 dart slugs
  6 orcs (D:4)
  6 bats
  3 endoplasms
  7 giant cockroaches
  6 goblins
  4 hobgoblins
  2 jackals (D:2)
  6 quokkas
  8 ball pythons
  9 frilled lizards
  9 kobolds
  18 rats
106 creatures vanquished.

Vanquished Creatures (others)
  A human (D:3)
1 creature vanquished.

Grand Total: 107 creatures vanquished

Notes
Turn   | Place    | Note
-------+----------+-------------------------------------------
     0 | D:1      | bande the Gargoyle Fighter began the quest for the Orb.
     0 | D:1      | Reached XP level 1. HP: 14/14 MP: 1/1
   409 | D:1      | Reached XP level 2. HP: 17/19 MP: 2/2
   925 | D:1      | Reached XP level 3. HP: 24/24 MP: 3/3
  1440 | D:2      | Identified a scroll of acquirement
  1440 | D:2      | Acquired the amulet "Riuggev" {Reflect Rampage Str+3 Slay+5
                  | SH+5 Stlth-}
  1546 | D:2      | Found a runed translucent door.
  1547 | D:2      | Noticed Crazy Yiuf
  1983 | D:2      | Reached XP level 4. HP: 29/29 MP: 4/4
  2338 | D:2      | Killed Crazy Yiuf
  2579 | D:3      | Reached XP level 5. HP: 31/33 MP: 5/5
  2586 | D:3      | Found a glowing silver altar of Zin.
  2676 | D:3      | Found a glowing drain.
  2689 | Sewer    | Entered a sewer
  2921 | Sewer    | Reached XP level 6. HP: 38/38 MP: 6/6
  3238 | D:3      | Noticed an ice beast
  3245 | D:3      | Killed an ice beast
  3589 | D:3      | Found an ancient bone altar of Kikubaaqudgha.
  3590 | D:3      | Noticed a human
  3592 | D:3      | Killed a human
  3793 | D:4      | Mangled by an orc

Illustrated notes

Levels and vault maps discovered:
D:1:      onia_arrival_mini_maze, layout_basic, grunt_decor_fettered,
          minmay_octomino_c4
D:2:      layout_loops_corners, uniq_crazy_yiuf_cottage
D:3:      layout_basic, tgw_kikubaaqudgha, mainiacjoe_overflow_small_starburst,
          portal_sewer_entry_a, st_stairs_6
D:4:      layout_loops_ring, lemuel_round_altar, nicolae_vehumet_radiance,
          nicolae_underground_beach

Skill      XL: |  1  2  3  4  5  6 |
---------------+-------------------+-----
Axes           | 2 3 4 |  4.6
Armour         | 4 |  4.6
Fighting       | 4 |  4.5
Shields        | 4 |  4.4

Action                   |  1- 3 |  4- 6 || total
-------------------------+-------+-------++-------
Melee: War axe           |    87 |   177 ||   264
  Use: Scroll            |     5 |     3 ||     8
Armor: Scale mail        |    51 |     1 ||    52
       Chain mail        |       |    85 ||    85
Dodge: Dodged            |    45 |    58 ||   103
Block: Buckler           |    15 |    99 ||   114

Table legend: (Time is in decaauts)
 A = Elapsed time spent in this place.
 B = Non-inter-level travel time spent in this place.
 C = Inter-level travel time spent in this place.
 D = Time resting spent in this place.
 E = Time spent auto-exploring this place.
 F = Levels seen in this place.
 G = Mean time per level.
                   A        B        C        D        E       F      G
               +--------+--------+--------+--------+--------+-----+--------+
         Total |   3946 |   3882 |     64 |    341 |   2718 |   5 |  789.2 |
       Dungeon |   3492 |   3428 |     64 |    341 |   2437 |   4 |  873.0 |
         Sewer |    454 |    454 |      0 |      0 |    280 |   1 |  454.0 |
               +--------+--------+--------+--------+--------+-----+--------+

Top non-repeatable levels by time:
     D:1: 1452 daAuts
     D:2: 1051 daAuts
     D:3: 907 daAuts
   Sewer: 454 daAuts
     D:4: 81 daAuts
